Map: Ephemeron LE

Players

Denver

  • Race: Zerg Zerg
  • Spawn Location: 5:00

Stephano - Winner!

  • Race: Zerg Zerg
  • Spawn Location: 11:00

VOD

Have the link to the VOD?

Description

Time

  • Played on: Sept. 6, 2019, 4:58 p.m.
  • Length: 7:11
Show
View Real Time Build Order
Export as new Build Order

Denver Zerg 

Build Orders: Hatch First 

Get SALT Encoding   

  12  0:00  Drone  
  13  0:12  Overlord  
  13  0:16  Drone  
  14  0:30  Drone x2  
  16  0:48  Hatchery  
  15  0:52  Drone  
  15  0:55  Drone  
  17  0:59  Drone  
  18  1:09  Extractor  
  17  1:14  Spawning Pool  
  17  1:17  Drone  
  17  1:21  Drone  
  18  1:28  Drone  
  19  1:38  Drone  
  20  1:49  Drone  
  21  2:00  Overlord  
  21  2:01  Zergling x2, Queen x2  
  26  2:09  Metabolic Boost  
  26  2:11  Drone  
  26  2:13  Drone  
  28  2:24  Drone x2  
  30  2:35  Hatchery  
  29  2:41  Drone  
  29  2:44  Drone  
  31  2:49  Queen  
  33  2:56  Baneling Nest  
  33  2:57  Drone  
  33  2:58  Drone  
  34  3:02  Overlord  
  34  3:06  Zergling x2  
  34  3:08  Zergling x2  
  35  3:20  Overlord  
  35  3:22  Drone x2  
  35  3:23  Drone x3  
  40  3:30  Evolution Chamber, Zergling x4  
  40  3:32  Drone  
  42  3:39  Baneling  
  42  3:40  Baneling  
  43  3:41  Drone x3  
  43  3:45  Zergling x4  
  47  3:48  Drone  
  47  3:55  Drone x2  
  49  3:56  Drone  
  49  3:57  Zerg Missile Weapons Level 1  
  49  3:59  Drone  
  51  4:04  Roach Warren  
  51  4:08  Drone  
  51  4:09  Drone x2  
  53  4:14  Extractor  
  53  4:15  Drone x2, Extractor  
  53  4:16  Drone x2  
  54  4:22  Overlord  
  54  4:25  Lair  
  54  4:26  Zergling x2  
  54  4:28  Zergling x2  
  55  4:33  Overlord, Drone  
  55  4:34  Drone  
  55  4:36  Overlord  
  57  4:42  Overlord  
  57  4:44  Drone x2  
  58  4:45  Baneling x2  
  58  4:50  Drone x3  
  58  4:51  Drone  
  62  4:53  Extractor  
  62  4:54  Zergling x4  
  62  4:57  Drone  
  64  5:00  Baneling x2  
  64  5:05  Drone  
  64  5:06  Drone x5  
  69  5:16  Drone  
  68  5:21  Drone  
  68  5:24  Pneumatized Carapace, Extractor  
  68  5:25  Glial Reconstitution, Extractor  
  68  5:26  Overseer  
  64  5:28  Drone x2  
  64  5:29  Drone  
  64  5:35  Overlord  
  67  5:39  Drone x2  
  67  5:42  Hatchery  
  68  5:43  Evolution Chamber  
  68  5:47  Baneling x2  
  68  5:48  Drone  
  68  5:49  Drone x2  
  70  5:52  Overlord  
  70  5:54  Drone x3  
  72  5:57  Roach x2  
  72  5:58  Roach x2  
  72  6:01  Overlord  
  77  6:10  Roach x2  
  77  6:11  Roach  
  83  6:15  Roach x2  
  83  6:16  Roach  
  89  6:20  Roach x3  
  89  6:23  Roach  
  89  6:24  Roach  
  99  6:25  Overlord  
  99  6:28  Roach  
  99  6:30  Roach  
  99  6:31  Roach  
  105  6:34  Roach x2  
  105  6:36  Overlord  
  109  6:42  Roach x2  
  109  6:45  Roach  
  109  6:46  Roach  
  115  6:49  Roach  
  115  6:50  Roach x3  
Show
View Real Time Build Order
Export as new Build Order

Stephano Zerg - Winner!

Build Orders: Hatch First 

Get SALT Encoding   

  12  0:00  Drone  
  13  0:12  Overlord  
  13  0:17  Drone  
  14  0:30  Drone x2  
  16  0:47  Hatchery  
  15  0:51  Drone  
  15  0:54  Drone  
  17  0:58  Drone  
  18  1:09  Extractor  
  17  1:13  Spawning Pool  
  17  1:16  Drone  
  17  1:20  Drone  
  18  1:28  Drone  
  19  1:39  Drone  
  20  1:49  Drone  
  21  1:59  Queen x2  
  21  2:01  Overlord, Zergling x2  
  26  2:10  Drone x2  
  26  2:12  Metabolic Boost  
  28  2:21  Drone  
  28  2:22  Drone  
  30  2:33  Hatchery  
  29  2:40  Drone  
  29  2:42  Queen  
  32  2:48  Overlord  
  32  2:50  Drone  
  33  2:51  Drone  
  34  2:59  Drone, Baneling Nest  
  34  3:02  Drone  
  34  3:05  Drone  
  36  3:08  Drone  
  37  3:13  Zergling x2  
  37  3:14  Zergling x4  
  37  3:15  Drone  
  37  3:18  Drone  
  42  3:22  Overlord  
  42  3:23  Drone  
  42  3:26  Drone  
  44  3:31  Overlord  
  44  3:43  Baneling x2  
  44  3:44  Drone x5  
  44  3:46  Drone  
  44  3:48  Extractor  
  49  3:49  Extractor  
  49  3:50  Drone x2  
  49  3:51  Drone  
  49  3:52  Evolution Chamber  
  48  3:56  Zergling x4  
  48  3:59  Zergling x4  
  51  4:05  Baneling  
  51  4:06  Lair  
  51  4:13  Roach Warren  
  50  4:20  Zergling x8  
  50  4:21  Drone x3  
  55  4:24  Drone x2  
  55  4:27  Zerg Missile Weapons Level 1  
  55  4:30  Drone x2  
  59  4:32  Drone  
  59  4:35  Drone x2  
  59  4:38  Drone  
  63  4:41  Drone  
  63  4:42  Drone x2  
  66  4:46  Overlord  
  66  4:52  Baneling x2  
  65  5:02  Overlord  
  65  5:04  Overlord  
  65  5:06  Overlord  
  64  5:09  Overlord  
  64  5:12  Overlord  
  63  5:15  Extractor  
  63  5:16  Overlord, Extractor  
  56  5:22  Glial Reconstitution  
  56  5:24  Drone  
  56  5:25  Drone x2  
  56  5:26  Overlord x2  
  59  5:36  Roach x10  
  59  5:41  Roach x2  
  83  5:46  Roach x3  
  83  5:49  Roach  
  91  5:53  Roach  
  91  5:54  Roach  
  93  6:00  Roach  
  93  6:01  Roach x2  
  99  6:05  Roach x3  
  99  6:09  Roach  
  107  6:13  Roach x2  
  107  6:15  Roach  
  107  6:16  Roach  
  107  6:18  Roach  
  117  6:20  Roach  
  117  6:25  Roach x2  
  123  6:28  Roach  
  125  6:33  Roach x3  
  125  6:37  Roach  
  135  6:40  Roach x2  
  135  6:48  Roach x3  
  135  6:52  Roach x2  
Tags
 
Add a new tag
Caveats
  • Supply blocks, unpowered buildings, or Contaminate may cause inaccurate times.
  • Supply counts are checked every 10 seconds.